 Dungeon Crawl Stone Soup version 0.32-a0-42-ga30500b4d3 (webtiles) character file.

Game seed: 4596729391396215028

9840 retardedninja the Destroyer (level 11, -7/48 HPs)
             Began as a Gargoyle Fire Elementalist on Nov 30, 2023.
             Was a Believer of Hepliaklqana.
             Killed by divine providence
             ... invoked by an orc priest
              (17 damage)
             ... on level 10 of the Dungeon on Feb 1, 2024.
             The game lasted 00:37:55 (15067 turns).

retardedninja the Destroyer (GrFE)                 Turns: 15067, Time: 00:37:55

Health: -7/48      AC: 19    Str: 15    XL:     11   Next: 52%
Magic:  20/23      EV: 12    Int: 17    God:    Hepliaklqana [**....]
Gold:   479        SH:  0    Dex: 10    Spells: 20/27 levels left

rFire   + . .        x - +0 battleaxe (vamp)
rCold   + . .        (shield currently unavailable)
rNeg    + . .        c - +2 robe {rF+}
rPois   ∞            e - +0 helmet
rElec   +            o - +0 cloak
rCorr   .            n - +0 pair of gloves
SInv    .            (no boots)
Will    .....        (no amulet)
Stlth   ++++         s - +4 ring of protection
HPRegen 0.28/turn    v - ring of protection from cold
MPRegen 0.18/turn

%: no passive effects
@: no status effects
A: reduced essence, sickness immunity, AC +8, negative energy resistance 1,
electricity resistance, torment resistance 1, petrification resistance
a: Renounce Religion, Recall Ancestor, Ancestor Identity


You were on level 10 of the Dungeon.
You worshipped Hepliaklqana.
Hepliaklqana was pleased with you.
You visited 2 branches of the dungeon, and saw 11 of its levels.

You collected 479 gold pieces.

Inventory:

Hand Weapons
 k - a +0 spear
 x - a +0 vampiric battleaxe (weapon)
Missiles
 d - 2 javelins
 z - 3 throwing nets
Armour
 c - a +2 robe of fire resistance (worn)
 e - a +0 helmet (worn)
 n - a +0 pair of gloves (worn)
 o - a +0 cloak (worn)
Jewellery
 s - a +4 ring of protection (left hand)
 v - a ring of protection from cold (right hand)
Talismans
 b - a flux talisman
Wands
 g - a wand of flame (31)
 u - a wand of iceblast (9)
 E - a wand of charming (5)
Scrolls
 a - a scroll of noise {unknown}
 h - a scroll of torment {unknown}
 m - a scroll of brand weapon
 p - a scroll of fog
 q - a scroll of blinking {unknown}
 r - a scroll of revelation
 w - a scroll of amnesia {unknown}
 D - a scroll of immolation {unknown}
Potions
 f - 3 potions of curing
 i - 4 potions of berserk rage
 j - 2 potions of mutation
 l - 3 potions of might
 t - 2 potions of haste
 B - a potion of heal wounds


   Skills:
 - Level 2.4 Dodging
 - Level 8.9 Stealth
 + Level 8.9 Spellcasting
 + Level 10.3 Conjurations
 + Level 9.9 Fire Magic


You had 20 spell levels left.
You knew the following spells:

 Your Spells              Type           Power      Damage    Failure   Level
a - Foxfire               Conj/Fire      100%       2x1d9     1%          1
b - Scorch                Fire           82%        2d8       1%          2
c - Flame Wave            Conj/Fire      41%        2d11      1%          4

Your spell library contained the following spells:

 Spells                   Type           Power      Damage    Failure   Level
 Magic Dart               Conj           100%       1d8       1%          1
 Shock                    Conj/Air       100%       1d9       1%          1
 Searing Ray              Conj           84%        2d7       1%          2
 Dazzling Flash           Conj/Hex       50%        N/A       3%          3
 Inner Flame              Hex/Fire       24%        N/A       3%          3
 Volatile Blastmotes      Fire/Tloc      48%        2d14      3%          3
 Mephitic Cloud           Conj/Alch/Air  19%        N/A       7%          3
 Fulminant Prism          Conj/Alch      12%        3d9       12%         4
 Mercury Vapours          Alch/Air       14%        N/A       14%         2
 Swiftness                Air            7%         N/A       28%         3
 Irradiate                Conj/Alch      12%        3d15      32%         5
 Freezing Cloud           Conj/Ice/Air   9%         6-21      54%         5
 Airstrike                Air            3%         2d(1-17)  67%         4
 Olgreb's Toxic Radiance  Alch           7%         N/A       67%         4
 Petrify                  Alch/Erth      7%         N/A       67%         4
 Sculpt Simulacrum        Ice/Alch       3%         N/A       100%        6
 Ozocubu's Refrigeration  Ice            3%         4d8       100%        7
 Discord                  Hex            3%         N/A       100%        8
 Sublimation of Blood     Necr           Unusable   N/A       N/A         2

Dungeon Overview and Level Annotations

Branches:
Dungeon (10/15)            Temple (1/1) D:5            Lair (0/5) D:9
    Orc: D:9-12

Altars:
Ashenzari
Cheibriados
Dithmenos
Elyvilon
Fedhas
Gozag
Hepliaklqana
Kikubaaqudgha
Makhleb
Nemelex Xobeh
Okawaru
Qazlal
Ru
Sif Muna
Trog
Uskayaw
Vehumet
Wu Jian
Xom
Yredelemnul
Zin
The Shining One

Shops:
D:5 [

Annotations:
D:6 Joseph
D:7 2 transporters, FinniousFinkelbottom's ghost, novice DsNe


Innate Abilities, Weirdness & Mutations

Your life essence is reduced to manifest your ancestor. (-10% HP)
You are immune to sickness and miasma.
Your stone body is resilient. (AC +8)
You are immune to poison.
You resist negative energy. (rN+)
You are resistant to electric shocks. (rElec)
You are resistant to unholy torment.
You are immune to petrification.


Message History

The troll bites you! The troll claws you but does no damage.
The troll claws you!
Austrian painter blocks something's attack.
The orc wizard gestures wildly while chanting.
The orc wizard flickers and vanishes!
Deactivating autopickup; reactivate with Ctrl-A.
The two-headed ogre hits austrian painter with a +0 giant spiked club!!
Austrian painter is destroyed!
The killer bee stings you but does no damage.
The orc wizard gestures wildly while chanting.
The orc wizard flickers and vanishes!
You hear an angry buzzing noise. x2
Unknown command.
Unknown command.
You closely miss the killer bee.
The killer bee is moderately wounded.
You hit the troll.
The foxfire hits the troll.
The troll is severely wounded.
The killer bee stings you but does no damage.
The killer bee stings you. The troll bites you but does no damage.
The troll claws you but does no damage. The troll claws you.
The orc priest calls upon Beogh to heal the orc wizard.
The orc wizard is healed somewhat.
The orc wizard casts a spell.
The orc wizard flickers and vanishes!
The killer bee stings you but does no damage.
You hear an angry buzzing noise.
You barely miss the killer bee.
The killer bee is moderately wounded.
You barely miss the troll. The killer bee misses you.
A killer bee comes into view.
The killer bee barely misses you. The troll bites you but does no damage.
The troll claws you but does no damage. The troll closely misses you.
A killer bee comes into view.
The troll barely misses you. The troll claws you!
* * * LOW HITPOINT WARNING * * *
The troll barely misses you.
The orc priest invokes the aid of Beogh against you.
Beogh smites you!
You die...

# ..#.).... # #####...##
## .#### #...## ## ...
...# #...#.
.......##.#########.....
...........##...........
..... #...............
.!....###..##..)........
......D@y...#######.....
.##.#yT##y..# #...#. #.O
#...# #...## .|o{ ....#
#...# ###{o###..# #...#
#.. #..# #...# .#y ...#
..... ..) .##


You could see a two-headed ogre, a troll, an acid dragon, 4 killer bees, an orc
priest and an orc wizard.

Vanquished Creatures
  A centaur warrior (D:9)
  3 two-headed ogres
  Jeremiah (D:7)
  A rime drake (D:9)
  Psyche (D:8)
  A polar bear (D:9)
  A merfolk (D:9)
  A wyvern (D:9)
  2 vampire mosquitoes (D:10)
  A steam dragon (D:9)
  Duvessa (D:5)
  An orc warrior (D:9)
  3 sky beasts
  2 ice beasts
  2 black bears (D:6)
  2 wolves
  3 ogres
  A centaur (D:6)
  3 kobold brigands
  3 scorpions
  4 bullfrogs
  3 gnoll sergeants
  A burial acolyte (D:8)
  Dowan (D:5)
  13 killer bees
  4 howler monkeys
  4 hounds
  2 jellies (D:6)
  2 bombardier beetles
  5 orc priests
  A gnoll bouda (D:8)
  2 sleepcaps
  9 orc wizards
  An iguana (D:6)
  21 gnolls
  8 adders
  2 adder zombies (D:8)
  A dart slug (D:2)
  17 orcs
  7 ball pythons
  10 endoplasms
  4 giant cockroaches
  12 goblins
  A hobgoblin (D:3)
  5 jackals
  24 kobolds
  6 quokkas
  5 bats
  4 frilled lizards
  2 jackal zombies (D:8)
  4 rats
219 creatures vanquished.

Vanquished Creatures (collateral kills)
  A two-headed ogre (D:9)
  A hornet (D:9)
  A vampire (D:10)
  An ice beast (D:9)
  A centaur (D:10)
  2 wolves (D:9)
  A kobold brigand (D:8)
  A sleepcap (D:6)
  2 gnolls (D:8)
  5 orcs
  4 kobolds
20 creatures vanquished.

Vanquished Creatures (others)
  Maurice (D:7)
  A centaur (D:9)
  2 knights
  An ancestor (D:6)
  656 foxfires
661 creatures vanquished.

Grand Total: 900 creatures vanquished

Notes
Turn   | Place    | Note
-------+----------+-------------------------------------------
     0 | D:1      | retardedninja the Gargoyle Fire Elementalist began the
                  | quest for the Orb.
     0 | D:1      | Reached XP level 1. HP: 10/10 MP: 3/3
    77 | D:1      | Found a faded altar of an unknown god.
   247 | D:1      | Reached XP level 2. HP: 15/15 MP: 0/5
   469 | D:1      | Upgraded the game from 0.31-a0-1074-g0b22e4e0f1 to
                  | 0.32-a0-41-gec2d92a32c
  1193 | D:1      | Reached XP level 3. HP: 15/19 MP: 1/6
  1709 | D:2      | Found a glowing golden altar of the Shining One.
  1821 | D:2      | Reached skill level 2 in Conjurations
  1977 | D:2      | Reached XP level 4. HP: 24/24 MP: 4/7
  2698 | D:3      | Noticed a scorpion
  2709 | D:3      | Killed a scorpion
  2710 | D:3      | Reached XP level 5. HP: 26/28 MP: 2/9
  3398 | D:3      | Upgraded the game from 0.32-a0-41-gec2d92a32c to
                  | 0.32-a0-42-ga30500b4d3
  3419 | D:3      | Learned a level 2 spell: Scorch
  3424 | D:3      | Learned a level 4 spell: Flame Wave
  3549 | D:3      | Found a hazy altar of Hepliaklqana.
  3552 | D:3      | Found a white marble altar of Elyvilon.
  3658 | D:3      | Became a worshipper of Hepliaklqana the Forgotten
  3802 | D:4      | Reached skill level 3 in Conjurations
  3802 | D:4      | Reached XP level 6. HP: 13/32 MP: 1/10
  4620 | D:4      | Reached XP level 7. HP: 35/36 MP: 1/12
  5009 | D:4      | Reached skill level 4 in Conjurations
  5060 | D:4      | Got the Incunabulum of Contamination and Malediction
  5213 | D:5      | Entered Level 5 of the Dungeon
  5262 | D:5      | Found an opulent altar of Gozag.
  5267 | D:5      | Noticed Duvessa
  5267 | D:5      | Noticed Dowan
  5411 | D:5      | Found Yskawuzo's Antique Armour Emporium.
  5437 | D:5      | Killed Duvessa
  5438 | D:5      | Reached skill level 5 in Stealth
  5442 | D:5      | Killed Dowan
  5472 | D:5      | Reached skill level 5 in Fire Magic
  5472 | D:5      | Reached XP level 8. HP: 41/41 MP: 7/14
  5624 | D:5      | Found a staircase to the Ecumenical Temple.
  5699 | Temple   | Entered the Ecumenical Temple
  5746 | D:5      | Found a shimmering altar of Xom.
  5756 | D:5      | Found a bloodstained altar of Trog.
  6043 | D:5      | Identified the +0 ring mail of Somewhere Else {Stlth+}
  6106 | D:6      | Reached * piety under Hepliaklqana
  6112 | D:6      | Reached skill level 5 in Conjurations
  6614 | D:6      | Reached skill level 5 in Spellcasting
  6980 | D:6      | Reached skill level 6 in Conjurations
  6980 | D:6      | Reached XP level 9. HP: 45/45 MP: 7/17
  7742 | D:7      | Noticed Joseph
  7751 | D:7      | Noticed Jeremiah
  8387 | D:7      | Killed Jeremiah
  8533 | D:7      | Noticed Maurice
  8546 | D:7      | Killed Maurice
  8547 | D:7      | Reached skill level 7 in Conjurations
  9222 | D:7      | Found a transporter.
  9222 | D:7      | Found a transporter.
  9228 | D:7      | Noticed FinniousFinkelbottom's ghost (novice DsNe)
  9253 | D:7      | Noticed a hornet
  9959 | D:8      | Reached XP level 10. HP: 43/45 MP: 13/19
 10349 | D:8      | Noticed a two-headed ogre
 10354 | D:8      | Killed a two-headed ogre
 10542 | D:8      | Reached skill level 8 in Conjurations
 10955 | D:8      | Noticed Psyche
 10962 | D:8      | Killed Psyche
 11013 | D:8      | Reached ** piety under Hepliaklqana
 11014 | D:8      | Remembered your ancestor austrian painter as a knight
 11204 | D:8      | Found an ancient bone altar of Kikubaaqudgha.
 11477 | D:9      | Found a radiant altar of Vehumet.
 11526 | D:9      | Noticed a two-headed ogre
 11536 | D:9      | Noticed a two-headed ogre
 12170 | D:9      | Killed a two-headed ogre
 12171 | D:9      | Reached skill level 9 in Conjurations
 12526 | D:9      | Reached XP level 11. HP: 48/48 MP: 18/22
 12527 | D:9      | Killed a two-headed ogre
 12873 | D:9      | Noticed a two-headed ogre
 12879 | D:9      | Killed a two-headed ogre
 12965 | D:9      | Found a staircase to the Lair.
 13542 | D:9      | Noticed a centaur warrior
 13550 | D:9      | Killed a centaur warrior
 13551 | D:9      | Reached skill level 10 in Conjurations
 14370 | D:10     | Entered Level 10 of the Dungeon
 15059 | D:10     | Noticed a two-headed ogre
 15067 | D:10     | Killed from afar by an orc priest

Illustrated notes

Levels and vault maps discovered:
D:1:      minmay_arrival_four_houses, layout_basic,
          hellmonk_ecumenical_altar_slurped_away, minmay_misc_feat_more_columns
D:2:      layout_rooms, basic_altar
D:3:      layout_loops_cross, gammafunk_temple_overflow_statue
D:4:      layout_basic, cheibrodos_gnoll_hut
D:5:      layout_rooms, mainiacjoe_overflow_concentric_impassable,
          xom_teletrap_fun, overflow_temple_1_default,
          minmay_temple_entry_poolview, serial_shops, shop,
          kennysheep_generic_room_4, uniq_duvessa
D:6:      layout_loops_cross
D:7:      layout_loops_ring, gammafunk_ghost_hive, uniq_joseph, uniq_jeremiah,
          uniq_maurice
D:8:      layout_loops_ring, lemuel_zombie_altar_kikubaaqudgha, uniq_psyche
D:9:      layout_long_grid, overflow_temple_1_default, hellmonk_lair_entry_icy,
          enter_bailey_3, hangedman_fish_farm
D:10:     layout_loops_cross, orc_0_dummy, st_stairs_9
Temple:   nicolae_temple_bog_church

Skill      XL: |  1  2  3  4  5  6  7  8  9 10 11 |
---------------+----------------------------------+-----
Dodging        | 2 |  2.4
Conjurations   | 2 3 4 6 7 9 10 | 10.3
Stealth        | 3 4 5 6 8 |  8.9
Spellcasting   | 3 4 5 6 7 8 |  8.9
Fire Magic     | 4 5 6 7 8 9 |  9.9

Action                     |  1- 3 |  4- 6 |  7- 9 | 10-12 || total
---------------------------+-------+-------+-------+-------++-------
  Melee: Unarmed           |    16 |       |       |       ||    16
         Mace              |     2 |       |       |       ||     2
         Spear             |       |     2 |       |       ||     2
         Battleaxe         |       |       |    13 |     2 ||    15
  Throw: Javelin           |     2 |       |       |       ||     2
   Cast: Foxfire           |    94 |    99 |    96 |   140 ||   429
         Scorch            |       |    20 |   104 |    74 ||   198
         Flame Wave        |       |       |       |     3 ||     3
 Invoke: Ancestor Identity |       |       |     3 |       ||     3
         Recall Ancestor   |       |       |     1 |       ||     1
         Ancestor Life: Kn |       |       |       |     1 ||     1
  Evoke: Wand              |       |    16 |    34 |    34 ||    84
    Use: Potion            |     1 |       |     1 |     2 ||     4
         Scroll            |       |     1 |    11 |     5 ||    17
 Armour: Robe              |    48 |    23 |    71 |   144 ||   286
  Dodge: Dodged            |    62 |    28 |    49 |    96 ||   235

Table legend: (Time is in decaauts)
 A = Elapsed time spent in this place.
 B = Non-inter-level travel time spent in this place.
 C = Inter-level travel time spent in this place.
 D = Time resting spent in this place.
 E = Time spent auto-exploring this place.
 F = Levels seen in this place.
 G = Mean time per level.
                   A        B        C        D        E       F      G
               +--------+--------+--------+--------+--------+-----+--------+
         Total |  15077 |  14873 |    204 |   4753 |   7734 |  11 | 1370.6 |
       Dungeon |  15055 |  14856 |    199 |   4753 |   7734 |  10 | 1505.5 |
        Temple |     21 |     16 |      5 |      0 |      0 |   1 |   21.0 |
               +--------+--------+--------+--------+--------+-----+--------+

Top non-repeatable levels by time:
     D:6: 2445 daAuts
     D:8: 2291 daAuts
     D:9: 2005 daAuts
     D:1: 1687 daAuts
     D:4: 1569 daAuts
     D:7: 1527 daAuts
     D:3: 1103 daAuts
     D:2: 891 daAuts
     D:5: 836 daAuts
    D:10: 697 daAuts
  Temple: 21 daAuts
